 Dungeon Crawl Stone Soup version 0.27.1-2-g3b301248ec (webtiles) character file.

Game seed: 14496320138778888622

58 VictoriousLee the Caller (level 4, -3/24 HPs)
             Began as a Tengu Summoner on Sept 24, 2021.
             Shot with a stone by a goblin (4 damage)
             ... led by Robin
             ... on level 1 of the Dungeon.
             The game lasted 00:06:40 (2781 turns).

VictoriousLee the Caller (Tengu Summoner)           Turns: 2781, Time: 00:06:40

Health: -3/24      AC:  4    Str:  8    XL:     4   Next: 2%
Magic:  2/8        EV: 12    Int: 16    God:
Gold:   47         SH:  0    Dex: 15    Spells: 5/8 levels left

rFire    . . .     SeeInvis .   o - +2 dagger (venom)
rCold    . . .     Faith    .   (no shield)
rNeg     . . .     Spirit   .   a - +0 robe
rPois    .         Reflect  .   b - +2 hat
rElec    .         Harm     .   (no cloak)
rCorr    .         Rampage  .   (no gloves)
Will     .....                  (boots unavailable)
Stlth    ++........             (no amulet)
HPRegen  0.08/turn              k - ring of wizardry
MPRegen  0.11/turn              (no ring)

@: no status effects
A: beak, talons 3
a: no special abilities


You were on level 1 of the Dungeon.
You visited 1 branch of the dungeon, and saw 2 of its levels.

You collected 47 gold pieces.

Inventory:

Hand Weapons
 e - a +0 hand axe
 f - a +0 short sword
 i - a +0 dagger
 o - a +2 dagger of venom (weapon)
Missiles
 g - 39 arrows
 p - a throwing net
Armour
 a - a +0 robe (worn)
 b - a +2 hat (worn)
Jewellery
 k - a ring of wizardry (left hand)
Scrolls
 d - 4 scrolls of identify {unknown}
 j - a scroll of teleportation {unknown}
 n - a scroll of immolation {unknown}
Potions
 c - a potion of attraction {unknown}
 h - a potion of mutation {unknown}
 l - a potion of might {unknown}
 m - a potion of curing {unknown}


   Skills:
 - Level 2.1 Dodging
 - Level 2.0 Stealth
 + Level 2.5 Spellcasting
 - Level 6.0 Summonings
 + Level 1.1 Air Magic


You had 5 spell levels left.
You knew the following spells:

 Your Spells              Type           Power      Damage    Failure   Level
a - Call Imp              Summ           21%        N/A       1%          2
b - Summon Small Mammal   Summ           84%        N/A       1%          1

Your spell library contained the following spells:

 Spells                   Type           Power      Damage    Failure   Level
 Call Canine Familiar     Summ           21%        N/A       1%          3
 Summon Guardian Golem    Hex/Summ       11%        N/A       7%          3
 Static Discharge         Conj/Air       3%         N/A       10%         2
 Summon Lightning Spire   Summ/Air       13%        N/A       17%         4
 Dispel Undead            Necr           2%         3d7       58%         4
 Sticky Flame             Conj/Fire      2%         2d3       58%         4


Dungeon Overview and Level Annotations

Branches:
Dungeon (2/15)

Altars:
Nemelex Xobeh

Shops:
D:2 !

Annotations:
D:2 Robin


Innate Abilities, Weirdness & Mutations

You have a beak for a mouth.
You have claws for feet.


Message History

Robin hits you from afar with a +0 spear.
The hobgoblin hits your crimson imp.
The goblin unwields a +0 hunting sling.
The goblin wields a +0 club.
The goblin barely misses your crimson imp.
Your crimson imp hits the hobgoblin but does no damage.
Robin hits you from afar with a +0 spear.
The hobgoblin closely misses your crimson imp.
The goblin unwields a +0 hunting sling.
The goblin wields a +0 dagger.
The goblin hits you but does no damage. The goblin hits you with a +0 club.
You climb upwards.
Your summoned ally is left behind.
There is a stone staircase leading down here.
The goblin unwields a +0 club.
The goblin wields a +0 hunting sling.
The goblin shoots a stone.
The stone hits you.
* * * LOW HITPOINT WARNING * * *
The goblin misses you.
The goblin no longer looks unusually strong.
The goblin shoots a stone.
The stone completely misses you.
The goblin unwields a +0 dagger.
The goblin wields a +0 hunting sling.
The goblin shoots a stone.
The stone closely misses you.
The goblin shoots a stone.
The stone closely misses you.
The goblin shoots a stone.
The stone hits you but does no damage.
The goblin shoots a stone.
The stone hits you.
* * * LOW HITPOINT WARNING * * *
The goblin no longer looks unusually strong.
The goblin shoots a stone.
The stone hits you.
* * * LOW HITPOINT WARNING * * *
The goblin shoots a stone.
The stone hits you.
* * * LOW HITPOINT WARNING * * *
Casting: Call Imp (safe; 1% risk of failure)
Press: ? - help, Q - select action, (/) - cycle Dir - look around, f - activate A beastly little devil appears in a puff of flame.
The goblin shoots a stone.
The stone closely misses you.
The goblin shoots a stone.
The stone hits you but does no damage.
Casting: Call Imp (safe; 1% risk of failure)
Press: ? - help, Q - select action, (/) - cycle Dir - look around, f - activate A shadowy apparition takes form in the air.
The goblin shoots a stone.
The stone hits you but does no damage.
The goblin shoots a stone.
The stone misses your crimson imp. The stone hits you.
You die...

#......#...).....##
######.#...........
#.#...........
######.#...###.....
#......#...# #.....
#..#####...######..
#......#...........
#......#'##########
##.@................
###............#####..
#......5........# ##'
#.8..5..8.......# #.
#............#### #.
#...g........# #.
##...>g.......# #.
#.............# #.
#..........#'## #.


You could see 2 goblins, a friendly crimson imp (summoned) and a friendly shadow
imp (summoned).

Vanquished Creatures
  An adder (D:2)
  A dart slug (D:1)
  2 endoplasms
  2 giant cockroaches (D:1)
  6 goblins
  7 hobgoblins
  A jackal (D:2)
  4 kobolds
  A quokka (D:2)
  4 bats
  A rat (D:1)
30 creatures vanquished.

Vanquished Creatures (collateral kills)
  An adder (D:2)
  A worm (D:2)
  2 ball pythons (D:1)
  3 endoplasms (D:1)
  A hobgoblin (D:1)
  2 jackals
  2 kobolds (D:1)
  A frilled lizard (D:1)
13 creatures vanquished.

Grand Total: 43 creatures vanquished

Notes
Turn   | Place    | Note
-------+----------+-------------------------------------------
     0 | D:1      | VictoriousLee the Tengu Summoner began the quest for the
                  | Orb.
     0 | D:1      | Reached XP level 1. HP: 10/10 MP: 4/4
   199 | D:1      | Reached skill level 5 in Summonings
   436 | D:1      | Reached XP level 2. HP: 15/15 MP: 3/6
   451 | D:1      | Learned a level 2 spell: Call Imp
  1040 | D:1      | Reached skill level 6 in Summonings
  1040 | D:1      | Reached XP level 3. HP: 19/19 MP: 4/7
  1967 | D:2      | Noticed Robin
  2170 | D:2      | Found a sparkling altar of Nemelex Xobeh.
  2703 | D:2      | Reached skill level 1 in Air Magic
  2754 | D:2      | Found Foisoguy's Distillery.
  2765 | D:2      | Reached XP level 4. HP: 24/24 MP: 8/8
  2778 | D:1      | HP: 1/24 [goblin/stone[Robin] (1)]
  2781 | D:1      | Shot with a stone by a goblin

Illustrated notes

Levels and vault maps discovered:
D:1:      mainiacjoe_arrival_reflecting_pool, layout_basic,
          serial_co_window_serial, co_window_of_opportunity_a,
          co_window_corner_a, co_window_corner_a, co_window_paths_a,
          co_window_corner_a, co_window_paths_a, co_window_paths_a,
          co_window_broadway_a, co_window_of_opportunity_c,
          co_window_broadway_b, co_window_4corner_b, glass_columns_a,
          glass_columns_b, glass_columns_b, glass_columns_c, glass_columns_a,
          st_stairs_1
D:2:      layout_loops_cross, basic_altar, serial_shops, shop, uniq_robin

Skill      XL: |  1  2  3 |
---------------+----------+-----
Summonings     | 5 6 |  6.0
Air Magic      | 1 |  1.1
Dodging        | |  2.1
Stealth        | |  2.0
Spellcasting   | |  2.5

Action                   |  1- 3 |  4- 6 || total
-------------------------+-------+-------++-------
Melee: Hand axe          |    70 |       ||    70
       Unarmed           |     2 |       ||     2
       Kick              |    15 |       ||    15
       Peck              |    10 |       ||    10
       Dagger            |    12 |     2 ||    14
 Cast: Summon Small Mamm |    11 |       ||    11
       Call Imp          |    15 |     4 ||    19
 Stab: Sleeping          |     2 |       ||     2
Armor: Robe              |    27 |     4 ||    31
Dodge: Dodged            |    65 |     8 ||    73
